 Dungeon Crawl Stone Soup version 0.28-a0-312-gbced6e68ee (webtiles) character file.

Game seed: 18400756450053699321

105 sanka the Cudgeller (level 4, 0/41 HPs)
             Began as a Gnoll Cinder Acolyte on Aug 30, 2021.
             Was a High Priest of Ignis.
             Killed from afar by an orc wizard (8 damage)
             ... with a magic dart
             ... on level 2 of the Dungeon.
             The game lasted 00:03:39 (2833 turns).

sanka the Cudgeller (Gnoll Cinder Acolyte)          Turns: 2833, Time: 00:03:39

Health: 0/41       AC:  2    Str: 14    XL:     4   Next: 83%
Magic:  8/8        EV: 11    Int: 13    God:    Ignis [*****.]
Gold:   144        SH:  0    Dex:  8    Spells: 8/9 levels left

rFire   + . .      SeeInvis .   a - -1 mace (flame)
rCold   . . .      Faith    +   (no shield)
rNeg    . . .      Spirit   .   b - +0 robe
rPois   .          Reflect  .   (no helmet)
rElec   .          Harm     .   (no cloak)
rCorr   .          Rampage  .   (no gloves)
Will    .....                   (no boots)
Stlth   +.........              c - amulet of faith
HPRegen 0.13/turn               (no ring)
MPRegen 0.11/turn               (no ring)

@: no status effects
A: fangs 1, strong nose, distributed training
a: Renounce Religion, Sea of Fire, Foxfire Swarm, Rising Flame


You were on level 2 of the Dungeon.
You worshipped Ignis.
Ignis was extremely pleased with you.
You visited 1 branch of the dungeon, and saw 3 of its levels.

You collected 144 gold pieces.


Innate Abilities, Weirdness & Mutations

You have very sharp teeth.
Your uncanny sense of smell can sniff out nearby items.
Your experience applies equally to all skills.


   Skills:
 + Level 6.6 Fighting
 + Level 1.2 Short Blades
 + Level 1.2 Long Blades
 + Level 1.2 Axes
 + Level 6.6 Maces & Flails
 + Level 1.2 Polearms
 + Level 1.2 Staves
 + Level 1.2 Slings
 + Level 1.2 Bows
 + Level 1.2 Crossbows
 + Level 1.2 Throwing
 + Level 1.2 Armour
 + Level 1.2 Dodging
 + Level 1.2 Stealth
 + Level 1.2 Shields
 + Level 1.2 Unarmed Combat
 + Level 3.0 Spellcasting
 + Level 1.0 Conjurations
 + Level 1.0 Hexes
 + Level 1.0 Summonings
 + Level 1.0 Necromancy
 + Level 1.0 Translocations
 + Level 1.0 Transmutations
 + Level 2.3 Fire Magic
 + Level 1.0 Ice Magic
 + Level 1.0 Air Magic
 + Level 1.0 Earth Magic
 + Level 1.0 Poison Magic
 + Level 1.4 Invocations
 + Level 1.2 Evocations


You had 8 spell levels left.
You knew the following spells:

 Your Spells              Type           Power      Damage    Failure   Level
y - Foxfire               Conj/Fire      24%        2x1d5     12%         1

Your spell library contained the following spells:

 Spells                   Type           Power      Damage    Failure   Level
 Animate Skeleton         Necr           8%         N/A       16%         1
 Apportation              Tloc           8%         N/A       16%         1
 Corona                   Hex            4%         N/A       16%         1
 Summon Small Mammal      Summ           16%        N/A       16%         1
 Ignite Poison            Fire/Tmut/Pois 5%         N/A       36%         3
 Mephitic Cloud           Conj/Pois/Air  4%         N/A       41%         3
 Bolt of Magma            Conj/Fire/Erth 2%         4d4       98%         5

Inventory:

Hand Weapons
 a - a -1 mace of flaming (weapon)
Armour
 b - a +0 robe (worn)
Magical Staves
 p - a staff of earth
Jewellery
 c - an amulet of faith (around neck)
Wands
 n - a wand of polymorph (9)
 r - a wand of acid (7)
 s - a wand of flame (11)
Scrolls
 e - a scroll of noise {unknown}
 g - a scroll of summoning {unknown}
 j - 3 scrolls of identify {unknown}
 k - 2 scrolls of fear {unknown}
 o - a scroll of amnesia {unknown}
 q - a scroll of brand weapon {unknown}
Potions
 d - a potion of might {unknown}
 f - a potion of lignification {unknown}
 h - a potion of curing {unknown}
 i - a potion of heal wounds {unknown}
 l - 2 potions of magic {unknown}
 m - a potion of berserk rage {unknown}

Dungeon Overview and Level Annotations

Branches:
Dungeon (3/15)

Altars:
Ru

.......▒.▒ ▒.▒▒.▒
▒▒▒.▒.▒▒.▒ ▒.▒▒.▒
▒.▒....▒▒▒▒▒▒▒.▒▒.▒▒▒▒▒
▒.....................▒
▒▒▒...▒▒▒▒........▒▒▒.▒
▒▒▒▒▒.(.▒ ▒▒▒▒▒.▒▒▒▒
▒.▒ ......†.▒ ▒.▒ ▒.▒
▒▒▒▒▒▒[†▒ ▒.▒ ▒.▒
▒▒▒▒▒▒..▒ ▒g▒▒▒▒▒▒.▒▒▒
........▒ ▒...o.>....▒
.▒▒▒▒▒.▒▒ ▒▒▒▒▒▒▒▒.▒.▒
..▒ ▒.▒ ▒▒.▒)▒.▒ ..▒
▒.▒ ▒▒.▒..▒.▒ ..▒ ▒.▒
▒.▒▒▒.▒.▒ ..▒ ▒.▒
▒▒.▒>...▒ .▒▒ ▒.▒
▒▒).▒▒▒▒ .▒ ▒.▒ ▒..▒


You could see an orc wizard.


Message History

Something hits you but does no damage. Something hits you.
You hear some strange, mumbled words.
You are confused.
Something barely misses you. Something hits you. Something hits you.
Something hits you but does no damage.
There is a stone staircase leading up here.
You feel less confused. Something hits you.
* * * LOW HITPOINT WARNING * * *
You climb upwards.
Reactivating autopickup.
There is a stone staircase leading down here.
Unknown command.
You start resting.
Something hits you.
* * * LOW HITPOINT WARNING * * *
Deactivating autopickup; reactivate with Ctrl-A.
Unknown command.
Unknown command.
An orc wizard appears from thin air!
Reactivating autopickup.
The orc wizard gestures at you while chanting.
The magic dart hits you!
* * * LOW HITPOINT WARNING * * *
The orc wizard points at you and mumbles some strange words.
The magic dart hits you!
You die...

Action                   |  1- 3 |  4- 6 || total
-------------------------+-------+-------++-------
Melee: Mace              |   130 |    40 ||   170
       Bite              |     8 |     1 ||     9
 Cast: Foxfire           |     6 |    14 ||    20
 Stab: Sleeping          |     1 |     2 ||     3
Armor: Robe              |    32 |    11 ||    43
Dodge: Dodged            |    91 |    24 ||   115

Levels and vault maps discovered:
D:1:      erik_arrival_orb_chamber, layout_basic
D:2:      layout_loops_ring, basic_altar, minmay_octomino_j4
D:3:      layout_rooms, shapermc_ecumenical_altar_starsandcircs, uniq_ijyb

Notes
Turn   | Place    | Note
-------+----------+-------------------------------------------
     0 | D:1      | sanka the Gnoll Cinder Acolyte began the quest for the Orb.
     0 | D:1      | Reached XP level 1. HP: 23/23 MP: 4/4
    48 | D:1      | Reached skill level 2 in Fire Magic
   205 | D:1      | Reached XP level 2. HP: 27/29 MP: 5/5
   766 | D:2      | Reached XP level 3. HP: 34/35 MP: 7/7
  1076 | D:2      | Found a sacrificial altar of Ru.
  1162 | D:2      | Reached skill level 1 in Invocations
  1798 | D:3      | Reached skill level 1 in Short Blades
  1798 | D:3      | Reached skill level 1 in Long Blades
  1798 | D:3      | Reached skill level 1 in Axes
  1798 | D:3      | Reached skill level 1 in Polearms
  1798 | D:3      | Reached skill level 1 in Staves
  1798 | D:3      | Reached skill level 1 in Slings
  1798 | D:3      | Reached skill level 1 in Bows
  1798 | D:3      | Reached skill level 1 in Crossbows
  1798 | D:3      | Reached skill level 1 in Throwing
  1798 | D:3      | Reached skill level 1 in Armour
  1798 | D:3      | Reached skill level 1 in Dodging
  1798 | D:3      | Reached skill level 1 in Stealth
  1798 | D:3      | Reached skill level 1 in Shields
  1798 | D:3      | Reached skill level 1 in Unarmed Combat
  1798 | D:3      | Reached skill level 1 in Evocations
  1804 | D:3      | Reached XP level 4. HP: 31/41 MP: 1/8
  2360 | D:3      | Reached skill level 3 in Spellcasting
  2470 | D:3      | Noticed Ijyb
  2484 | D:3      | HP: 3/41 [Ijyb (6)]
  2485 | D:3      | Killed Ijyb
  2486 | D:3      | Reached skill level 1 in Conjurations
  2486 | D:3      | Reached skill level 1 in Hexes
  2486 | D:3      | Reached skill level 1 in Summonings
  2486 | D:3      | Reached skill level 1 in Necromancy
  2486 | D:3      | Reached skill level 1 in Translocations
  2486 | D:3      | Reached skill level 1 in Transmutations
  2486 | D:3      | Reached skill level 1 in Ice Magic
  2486 | D:3      | Reached skill level 1 in Air Magic
  2486 | D:3      | Reached skill level 1 in Earth Magic
  2486 | D:3      | Reached skill level 1 in Poison Magic
  2833 | D:2      | Killed from afar by an orc wizard

Vanquished Creatures
  Ijyb (D:3)
  An adder (D:3)
  A worm (D:2)
  3 dart slugs
  3 orcs (D:3)
  5 endoplasms
  4 giant cockroaches
  5 goblins
  4 hobgoblins
  5 jackals
  A quokka (D:2)
  5 ball pythons
  10 bats (D:2)
  A frilled lizard (D:2)
  3 kobolds
  6 rats
58 creatures vanquished.

Vanquished Creatures (others)
  36 foxfires (D:3)
36 creatures vanquished.

Grand Total: 94 creatures vanquished
